AoeStats
← Solraclml

Arena

509529333Analyzed
4v4 RM · 6d ago on Sep 27, 2026· 47m 0s· 8 players
Game mode
Random Map
Map size
Large (8 player)
Population
200
Speed
Normal
Resources
Standard
Victory
Conquest
Starting age
Dark Age
Ending age
Imperial Age
RankedLock teamsTeams togetherTeam positionsShared explorationLock speedFull tech treeHidden civsTurbo modeCheats
Victory
Defeat
🇨🇴 Turks · Colombia
1155
+8
🇲🇽 Spanish · Mexico
913
+18
🇲🇽 Franks · Mexico
876
+19
🇨🇴 Ethiopians · Colombia
816
+20
🇺🇾 Inca · Uruguay
969
-17
🇹🇼 Franks · Taiwan
968
-17
🇵🇪 Burmese · Peru
939
-16
🇨🇱 Berbers · Chile
924
-15
SunTzu_Player
10:07 Feudal Age
18:14 Castle Age
16:56 Stone Mining
16:48 Horse Collar
18:32 Gold Mining
20:44 Loom
27:32 Ballistics
31:11 Imperial Age
30:32 Scale Barding Armor
31:43 Light Cavalry
32:34 Bloodlines
32:34 Fletching
34:49 Chemistry
34:17 Bodkin Arrow
34:43 Chain Barding Armor
JLlanqui
11:25 Feudal Age
15:35 Castle Age
14:08 Stone Mining
15:14 Gold Mining
17:30 Fletching
19:54 Double-Bit Axe
21:32 Horse Collar
24:00 Bow Saw
27:40 Ballistics
28:55 Heavy Plow
30:16 Bodkin Arrow
30:22 Padded Archer Armor
37:09 Imperial Age
34:25 Loom
37:03 Leather Archer Armor
36:54 Scale Barding Armor
37:26 Husbandry
37:37 Bloodlines
37:45 Thumb Ring
40:11 Chemistry
38:59 Heavy Camel Rider
40:34 Heavy Camel Rider
43:54 Chain Barding Armor
43:07 Elite Genitour
45:39 Wheelbarrow
心死就在一瞬間
3:02 Loom
10:38 Feudal Age
16:08 Castle Age
14:12 Double-Bit Axe
17:22 Bow Saw
24:03 Scale Mail Armor
25:33 Gold Mining
27:20 Chain Mail Armor
27:17 Forging
26:30 Pikeman
28:42 Wheelbarrow
28:45 Squires
28:33 Arson
32:34 Imperial Age
35:30 Elite Skirmisher
37:43 Ballistics
40:00 Cavalier
Pocho32
10:23 Feudal Age
12:40 Double-Bit Axe
12:46 Gold Mining
13:18 Loom
19:57 Castle Age
19:45 Stone Mining
21:45 Wheelbarrow
21:02 Champi Runner
21:43 Squires
21:30 Arson
24:52 Forging
24:43 Scale Mail Armor
24:07 Champi Warrior
25:01 Town Watch
26:48 Horse Collar
30:18 Imperial Age
29:17 Chain Mail Armor
30:37 Gold Shaft Mining
30:32 Bow Saw
33:11 Conscription
33:16 Elite Champi Warrior
34:34 Plate Mail Armor
39:03 Iron Casting
43:26 Blast Furnace
Solraclml
7:13 Loom
10:20 Feudal Age
15:35 Wheelbarrow
14:51 Horse Collar
19:20 Castle Age
22:35 Heavy Plow
22:22 Double-Bit Axe
24:18 Bow Saw
24:58 Scale Barding Armor
24:54 Padded Archer Armor
24:46 Fletching
26:26 Forging
27:11 Scale Mail Armor
27:42 Chain Barding Armor
29:35 Ballistics
29:11 Murder Holes
34:51 Bodkin Arrow
39:01 Imperial Age
37:21 Forging
37:32 Leather Archer Armor
37:21 Gold Mining
39:08 Elite Conquistador
41:11 Plate Barding Armor
41:12 Iron Casting
41:08 Ring Archer Armor
42:00 Chemistry
43:01 Pikeman
43:42 Squires
43:08 Man-at-Arms
43:38 Arson
43:55 Scale Mail Armor
44:56 Blast Furnace
MK Sinaloa
0:49 Loom
11:22 Feudal Age
12:44 Wheelbarrow
11:55 Town Watch
12:01 Double-Bit Axe
20:07 Castle Age
21:27 Husbandry
21:36 Scale Barding Armor
22:02 Forging
25:31 Bow Saw
28:15 Iron Casting
33:05 Imperial Age
31:49 Gold Mining
37:11 Murder Holes
38:39 Cavalier
44:05 Blast Furnace
43:26 Chain Barding Armor
43:42 Conscription
43:26 Chivalry
43:04 Paladin
47:04 Plate Barding Armor
ElAbueloXD12
10:40 Feudal Age
12:08 Loom
15:01 Castle Age
13:33 Double-Bit Axe
16:33 Bow Saw
17:45 Horse Collar
20:32 Wheelbarrow
19:43 Town Watch
22:52 Gold Mining
23:49 Forging
23:31 Fletching
23:06 Crossbowman
24:43 Thumb Ring
24:36 Bodkin Arrow
24:57 Loom
25:22 Padded Archer Armor
31:26 Imperial Age
29:41 Hand Cart
33:12 Chemistry
34:38 Gold Shaft Mining
34:05 Bracer
34:21 Leather Archer Armor
34:30 Ballistics
35:30 Arbalester
40:30 Two-Man Saw
43:21 Ring Archer Armor
AG ALEXKNG1
4:59 Loom
9:57 Feudal Age
15:50 Castle Age
15:39 Forging
16:05 Stone Mining
16:29 Horse Collar
16:57 Double-Bit Axe
20:22 Town Watch
20:48 Heavy Plow
22:57 Wheelbarrow
26:28 Arson
30:05 Imperial Age
28:19 Hand Cart
29:31 Fletching
29:44 Padded Archer Armor
31:26 Leather Archer Armor
33:10 Ring Archer Armor
36:45 Ballistics
37:08 Artillery
39:04 Bodkin Arrow
42:05 Thumb Ring
42:21 Bracer
42:56 Iron Casting
42:27 Scale Barding Armor
43:43 Bloodlines
43:33 Husbandry
45:29 Chain Barding Armor
46:10 Blast Furnace
45:35 Conscription
46:40 Gold Mining
47:35 Plate Barding Armor
Connection lost

Rejoining the realm…

Still unreachable

The connection could not be restored.

Session expired

The server has moved on; the page needs a fresh start.